Demolitions vs Harfangs
Created - 2 mars 2015 at 19:20
Goals
|
| Demolitions |
0 |
3 |
0 |
3 |
| Harfangs |
1 |
3 |
3 |
7 |
|
Shots
|
| Demolitions |
9 |
23 |
1 |
33 |
| Harfangs |
10 |
7 |
14 |
31 |
|
1st period
1. Harfangs , James Wisniewski 9 (Alexandre Picard, Alex Killorn) at 2:05 (PP)
Penalties :
Anssi Salmela (Vic) for Slashing (Minor) at 1:28, Konstantin Pushkarev (Vic) for Tripping (Minor) at 8:15, Petri Kontiola (BEA) for Roughing (Minor) at 12:05, Konstantin Pushkarev (Vic) for Kneeing (Major) at 16:11
2nd period
2. Harfangs , Stefan Ruzicka 56 (Petri Kontiola, Alexandre Picard) at 0:52 (PP)
3. Demolitions , Anthony Stewart 34 (Anton Babchuk, Daniel Paille) at 1:04 (SH)
4. Demolitions , Anton Babchuk 9 (Kyle Cumiskey) at 1:26
5. Harfangs , Chris Kreider 41 (James Wisniewski, Petri Kontiola) at 6:32 (PP)
6. Harfangs , Michal Repik 9 (Victor Bartley) at 10:53
7. Demolitions , Anthony Stewart 35 (Daniel Paille, T.J. Hensick) at 13:09 (PP)
Penalties :
Brad Richardson (Vic) for Slashing (Minor) at 6:19, Chris Kreider (BEA) for Close Hand On Puck (Minor) at 7:22, T.J. Hensick (Vic) for Interference (Minor) at 8:45, Dustin Jeffrey (BEA) for High sticking (Minor) at 12:55
3rd period
8. Harfangs , Stefan Ruzicka 57 (Petri Kontiola, Tomas Tatar) at 2:39
9. Harfangs , Craig Smith 13 (Dustin Jeffrey, Alexandre Picard) at 5:16
10. Harfangs , Stefan Ruzicka 58 (Chris Kreider, Petri Kontiola) at 6:01
Penalties :
Brian Lashoff (BEA) for Roughing (Double Minor) at 10:57
Goalie Stats
Brent Krahn (Vic), 13 saves from 17 shots - (0,765), L, 19-12-8, 30:53 minutes
Chad Johnson (Vic), 11 saves from 14 shots - (0,786), 29:07 minutes
Peter Budaj (BEA), 30 saves from 33 shots - (0,909), W, 12-9-1, 60:00 minutes
Players Stats for Demolitions
Player Name G A P +/- PIM S H SB GA TA FO MP PP MP PK MP
------------------------------------------------------------------------------------
Andrew Campbell 0 0 0 0 0 0 0 1 0 0 0/0 0:19 0:00 0:00
Anssi Salmela 0 0 0 -2 2 0 0 0 0 0 0/0 9:42 0:21 0:15
Anthony Stewart 2 0 2 0 0 10 1 1 0 1 2/6 24:09 3:32 4:48
Anton Babchuk 1 1 2 1 0 4 0 1 1 1 0/0 28:10 4:19 5:00
Bobby Butler 0 0 0 -2 0 0 1 0 1 0 0/0 13:47 3:00 0:00
Brad Richardson 0 0 0 -2 2 1 0 0 0 0 2/3 16:54 3:00 3:08
Corban Knight 0 0 0 0 0 0 0 0 0 0 0/1 0:30 0:09 0:21
Daniel Paille 0 2 2 0 0 5 1 1 0 0 5/12 24:09 3:32 4:48
Darren Helm 0 0 0 0 0 0 0 0 0 0 1/4 11:17 0:54 0:00
Doug Janik 0 0 0 -1 0 0 0 0 0 0 0/0 20:06 2:55 3:56
Jordan LaVallee 0 0 0 0 0 1 0 0 0 0 0/2 12:41 1:03 1:15
Josh Beaulieu 0 0 0 0 0 0 0 0 0 0 0/0 0:00 0:00 0:00
Konstantin Pushkarev 0 0 0 1 7 0 1 1 0 1 0/0 11:40 1:03 0:00
Kyle Cumiskey 0 1 1 1 0 1 1 3 1 0 0/0 26:58 4:19 5:00
Masi Marjamaki 0 0 0 0 0 0 0 0 0 0 0/0 0:00 0:00 0:00
Nicolas Blanchard 0 0 0 0 0 0 3 0 0 0 1/1 6:15 0:00 0:00
Peter Harrold 0 0 0 -1 0 1 1 0 0 1 0/0 19:45 2:55 3:56
Petr Vrana 0 0 0 0 0 0 1 0 0 0 0/0 7:38 0:00 1:23
Robert Bortuzzo 0 0 0 0 0 0 1 0 0 0 0/0 3:34 0:00 0:00
Robert Klinkhammer 0 0 0 0 0 0 0 0 0 0 0/0 0:00 0:00 0:00
Samuel Pahlsson 0 0 0 -2 0 1 4 1 0 0 7/14 13:47 3:00 0:00
Seth Helgeson 0 0 0 -2 0 0 1 0 0 0 0/0 11:25 0:21 0:15
Spencer Machacek 0 0 0 0 0 0 1 0 0 0 0/0 6:15 0:00 0:00
T.J. Hensick 0 1 1 -2 2 9 2 0 0 0 10/20 21:07 3:31 2:39
Vince Rocco 0 0 0 0 0 0 0 0 0 0 0/0 0:00 0:00 0:00
Players Stats for Harfangs
Player Name G A P +/- PIM S H SB GA TA FO MP PP MP PK MP
------------------------------------------------------------------------------------
Alex Killorn 0 1 1 -1 0 0 1 0 1 0 4/12 15:54 3:49 0:25
Alexandre Picard 0 3 3 0 0 4 1 0 1 1 0/0 28:46 5:56 4:28
Andrew Orpik 0 0 0 0 0 1 1 0 0 0 0/0 16:46 2:59 1:45
Brett Carson 0 0 0 2 0 0 0 0 0 1 0/0 14:57 0:16 2:39
Brian Lashoff 0 0 0 2 4 0 2 0 0 0 0/0 13:46 0:16 0:59
Chris Kreider 1 1 2 1 2 5 1 1 0 0 0/0 22:27 4:37 2:19
Craig Smith 1 0 1 2 0 5 2 0 1 0 3/4 12:05 0:39 2:22
Drew Shore 0 0 0 0 0 0 1 1 0 0 1/3 8:56 0:00 2:35
Dustin Jeffrey 0 1 1 2 2 1 0 0 0 0 0/0 12:25 0:00 3:22
James Wisniewski 1 1 2 0 0 4 1 3 0 0 0/0 29:03 5:56 3:57
Kyle Palmieri 0 0 0 -1 0 1 0 0 0 0 1/2 15:13 3:49 0:00
Michal Repik 1 0 1 2 0 1 0 0 0 0 0/0 9:04 0:00 0:00
Peter Olvecky 0 0 0 -1 0 1 2 1 0 0 0/1 16:32 3:50 1:18
Petri Kontiola 0 4 4 1 2 0 1 0 0 1 22/37 23:46 4:40 2:48
Roman Wick 0 0 0 0 0 2 0 0 0 0 0/0 7:00 0:39 0:00
Stefan Ruzicka 3 0 3 1 0 3 2 0 1 0 4/4 20:51 4:43 0:00
Tomas Tatar 0 1 1 0 0 1 1 0 0 0 0/0 8:07 0:47 0:36
Victor Bartley 0 1 1 0 0 2 4 0 0 0 0/0 16:07 2:59 0:47
3 Stars
1 - Stefan Ruzicka (BEA)
2 - Anthony Stewart (Vic)
3 - Petri Kontiola (BEA)
Power Play
Demolitions - 1 on 5 Attempt(s) - 20,00%
Harfangs - 3 on 6 Attempt(s) - 50,00%
Penalty Kill
Demolitions - 3 on 6 Attempt(s) - 50,00%
- Score 1 goal in Penalty Kill
Harfangs - 4 on 5 Attempt(s) - 80,00%
- Score 0 goal in Penalty Kill
Team Stat
Demolitions - Hits : 19 - Faceoff Wins : 28 - Blocked Shots : 9 - Penalty Minutes : 13
Harfangs - Hits : 20 - Faceoff Wins : 35 - Blocked Shots : 6 - Penalty Minutes : 10
Official
Referees : Marouelli Dan and Peel Tim
Linesman : Tony Sericolo and Lonnie Cameron
Game Notes
Andrew Campbell is injured at 3:40 of 1st period (Right Hand)
Chad Johnson enters game at 10:53 of 2nd period
Stefan Ruzicka has scored a Hat Trick!
Finance
Level 1 -- Attendance: 1342 (67,10%) -- Ticket Income 40 260 $
Level 2 -- Attendance: 801 (80,10%) -- Ticket Income 12 015 $
Total Attendance: 2143 (71,43%)
Total Ticket Income: 52 275 $
Other Income: 2 614 $
Total Income: 54 889 $
Demolitions
5 vs 5 Forward
Center Left Wing Right Wing Time % Phy DF OF
1 T.J. Hensick Daniel Paille Anthony Stewart 40 1 2 2
2 Samuel Pahlsson Bobby Butler Brad Richardson 30 1 2 2
3 Darren Helm Jordan LaVallee Konstantin Pushkarev 20 1 2 2
4 Nicolas Blanchard Petr Vrana Spencer Machacek 10 1 2 2
5 vs 5 Defense
Defense Defense Time % Phy DF OF
1 Kyle Cumiskey Anton Babchuk 40 1 2 2
2 Doug Janik Peter Harrold 30 1 2 2
3 Anssi Salmela Andrew Campbell 20 1 2 2
4 Seth Helgeson Robert Bortuzzo 10 1 2 2
PowerPlay Forward
Center Left Wing Right Wing Time % Phy DF OF
1 T.J. Hensick Daniel Paille Anthony Stewart 60 1 2 2
2 Samuel Pahlsson Bobby Butler Brad Richardson 40 1 2 2
PowerPlay Defense
Defense Defense Time % Phy DF OF
1 Kyle Cumiskey Anton Babchuk 60 1 2 2
2 Doug Janik Peter Harrold 40 1 2 2
Penalty Kill 4 Players Forward
Center Wing Time % Phy DF OF
1 Daniel Paille Anthony Stewart 60 1 2 2
2 T.J. Hensick Brad Richardson 40 1 2 2
Penalty Kill 4 Players Defense
Defense Defense Time % Phy DF OF
1 Kyle Cumiskey Anton Babchuk 60 1 2 2
2 Doug Janik Peter Harrold 40 1 2 2
Penalty Kill - 3 Players Forward
Forward Time % Phy DF OF
1 Daniel Paille 60 1 2 2
2 Anthony Stewart 40 1 2 2
Penalty Kill - 3 Players Defense
Defense Defense Time % Phy DF OF
1 Kyle Cumiskey Anton Babchuk 60 1 2 2
2 Doug Janik Peter Harrold 40 1 2 2
4 vs 4 Forward
Center Wing Time % Phy DF OF
1 Daniel Paille Anthony Stewart 60 1 2 2
2 T.J. Hensick Brad Richardson 40 1 2 2
4 vs 4 Defense
Defense Defense Time % Phy DF OF
1 Kyle Cumiskey Anton Babchuk 60 1 2 2
2 Doug Janik Peter Harrold 40 1 2 2
Last Minutes Offensive
Center Left Wing Right Wing Defense Defense
T.J. Hensick Daniel Paille Anthony Stewart Kyle Cumiskey Anton Babchuk
Last Minutes Defensive
Center Left Wing Right Wing Defense Defense
T.J. Hensick Daniel Paille Anthony Stewart Kyle Cumiskey Anton Babchuk
Goaltenders
Starting : Brent Krahn
Backup : Chad Johnson
Extra Forwards
Normal : Darren Helm, Jordan LaVallee, Petr Vrana - PP : Darren Helm, Jordan LaVallee - PK : Petr Vrana
Extra Defensemen
Normal : Anssi Salmela, Andrew Campbell, Seth Helgeson - PP : Anssi Salmela - PK : Andrew Campbell, Seth Helgeson
Penalty Shots
Daniel Paille, Anthony Stewart, T.J. Hensick, Brad Richardson, Bobby Butler
Harfangs
5 vs 5 Forward
Center Left Wing Right Wing Time % Phy DF OF
1 Petri Kontiola Chris Kreider Stefan Ruzicka 40 0 0 5
2 Alex Killorn Peter Olvecky Kyle Palmieri 30 0 0 5
3 Craig Smith Dustin Jeffrey Michal Repik 20 0 0 5
4 Drew Shore Tomas Tatar Roman Wick 10 0 0 5
5 vs 5 Defense
Defense Defense Time % Phy DF OF
1 Alexandre Picard James Wisniewski 40 0 2 3
2 Andrew Orpik Victor Bartley 30 0 2 3
3 Brett Carson Brian Lashoff 20 0 3 2
4 Alexandre Picard James Wisniewski 10 0 2 3
PowerPlay Forward
Center Left Wing Right Wing Time % Phy DF OF
1 Petri Kontiola Chris Kreider Stefan Ruzicka 60 0 0 5
2 Alex Killorn Peter Olvecky Kyle Palmieri 40 0 0 5
PowerPlay Defense
Defense Defense Time % Phy DF OF
1 Alexandre Picard James Wisniewski 60 0 1 4
2 Andrew Orpik Victor Bartley 40 0 1 4
Penalty Kill 4 Players Forward
Center Wing Time % Phy DF OF
1 Petri Kontiola Dustin Jeffrey 60 0 5 0
2 Drew Shore Peter Olvecky 40 0 5 0
Penalty Kill 4 Players Defense
Defense Defense Time % Phy DF OF
1 James Wisniewski Alexandre Picard 60 0 5 0
2 Brett Carson Brian Lashoff 40 0 5 0
Penalty Kill - 3 Players Forward
Forward Time % Phy DF OF
1 Petri Kontiola 60 0 5 0
2 Drew Shore 40 0 5 0
Penalty Kill - 3 Players Defense
Defense Defense Time % Phy DF OF
1 James Wisniewski Alexandre Picard 60 0 5 0
2 Brett Carson Brian Lashoff 40 0 5 0
4 vs 4 Forward
Center Wing Time % Phy DF OF
1 Stefan Ruzicka Chris Kreider 60 0 0 5
2 Petri Kontiola Alex Killorn 40 0 0 5
4 vs 4 Defense
Defense Defense Time % Phy DF OF
1 Alexandre Picard James Wisniewski 60 0 2 3
2 Victor Bartley Andrew Orpik 40 0 3 2
Last Minutes Offensive
Center Left Wing Right Wing Defense Defense
Petri Kontiola Chris Kreider Stefan Ruzicka Alexandre Picard James Wisniewski
Last Minutes Defensive
Center Left Wing Right Wing Defense Defense
Petri Kontiola Chris Kreider Stefan Ruzicka James Wisniewski Alexandre Picard
Goaltenders
Starting : Peter Budaj
Backup : Darcy Kuemper
Extra Forwards
Normal : Stefan Ruzicka, Chris Kreider, Petri Kontiola - PP : Stefan Ruzicka, Petri Kontiola - PK : Petri Kontiola
Extra Defensemen
Normal : Brian Lashoff, James Wisniewski, Alexandre Picard - PP : Victor Bartley - PK : Brian Lashoff, Alexandre Picard
Penalty Shots
Petri Kontiola, Craig Smith, Stefan Ruzicka, James Wisniewski, Tomas Tatar
% Time on Ice - Demolitions
Lines # - Real PCT - Wanted PCT - Time Play
Normal Forward
1 - 36% - 40% - 15:28
2 - 25% - 30% - 10:51
3 - 24% - 20% - 10:04
4 - 15% - 10% - 6:15
Normal Defense
1 - 40% - 40% - 16:53
2 - 30% - 30% - 12:54
3 - 22% - 20% - 9:17
4 - 8% - 10% - 3:34
PP Forward
1 - 58% - 60% - 4:23
2 - 42% - 40% - 3:12
PP Defense
1 - 62% - 60% - 4:40
2 - 38% - 40% - 2:55
PK Forward
1 - 66% - 60% - 6:03
2 - 34% - 40% - 3:08
PK Defense
1 - 54% - 60% - 5:00
2 - 46% - 40% - 4:11
PK3 Forward
1 - 0% - 60%
2 - 0% - 40%
PK3 Defense
1 - 0% - 60%
2 - 0% - 40%
44 Forward
1 - 100% - 60% - 0:36
2 - 0% - 40% - 0:00
44 Defense
1 - 100% - 60% - 0:36
2 - 0% - 40% - 0:00
Last Minute Offensive - 0:00
Last Minute Defensive - 0:00
Total
Forward - 60:00
Defense - 60:00
|
% Time on Ice - Harfangs
Lines # - Real PCT - Wanted PCT - Time Play
Normal Forward
1 - 37% - 40% - 15:49
2 - 27% - 30% - 11:24
3 - 21% - 20% - 9:04
4 - 15% - 10% - 6:21
Normal Defense
1 - 40% - 40% - 17:07
2 - 33% - 30% - 14:11
3 - 25% - 20% - 10:42
4 - 1% - 10% - 0:38
PP Forward
1 - 57% - 60% - 5:12
2 - 43% - 40% - 3:59
PP Defense
1 - 68% - 60% - 6:12
2 - 32% - 40% - 2:59
PK Forward
1 - 83% - 60% - 6:17
2 - 17% - 40% - 1:18
PK Defense
1 - 35% - 60% - 2:37
2 - 65% - 40% - 4:58
PK3 Forward
1 - 0% - 60%
2 - 0% - 40%
PK3 Defense
1 - 0% - 60%
2 - 0% - 40%
44 Forward
1 - 100% - 60% - 0:36
2 - 0% - 40% - 0:00
44 Defense
1 - 100% - 60% - 0:36
2 - 0% - 40% - 0:00
Last Minute Offensive - 0:00
Last Minute Defensive - 0:00
Total
Forward - 60:00
Defense - 60:00
|
Play by Play
1st period
0:01 of 1st period - Petri Kontiola wins face-off versus T.J. Hensick in neutral zone.
0:10 of 1st period - Wrist shot by T.J. Hensick.
0:10 of 1st period - Stopped by Peter Budaj without a rebound.
0:11 of 1st period - Samuel Pahlsson wins face-off versus Peter Olvecky in Harfangs zone.
1:25 of 1st period - Snap shot by Tomas Tatar.
1:25 of 1st period - Stopped by Brent Krahn without a rebound.
1:26 of 1st period - Brad Richardson wins face-off versus Alex Killorn in Demolitions zone.
1:28 of 1st period - Minor Penalty to Anssi Salmela for Slashing.
1:29 of 1st period - Petri Kontiola wins face-off versus Daniel Paille in Demolitions zone.
1:31 of 1st period - Wrist shot by Chris Kreider.
1:31 of 1st period - Stopped by Brent Krahn with a rebound.
2:03 of 1st period - Slapshot by Alexandre Picard.
2:03 of 1st period - Stopped by Brent Krahn with a rebound.
2:05 of 1st period - Slapshot by James Wisniewski.
2:05 of 1st period - Goal by James Wisniewski - Demolitions : 0 - Harfangs : 1.
2:06 of 1st period - Alex Killorn wins face-off versus T.J. Hensick in neutral zone.
2:09 of 1st period - Slapshot by Alexandre Picard.
2:09 of 1st period - Stopped by Brent Krahn with a rebound.
2:11 of 1st period - Snap shot by Kyle Palmieri.
2:11 of 1st period - Stopped by Brent Krahn with a rebound.
2:13 of 1st period - Slapshot by Kyle Palmieri.
2:13 of 1st period - Shot Blocked by Kyle Cumiskey.
2:15 of 1st period - Slapshot by James Wisniewski.
2:15 of 1st period - Deflect By Daniel Paille.
2:15 of 1st period - Stopped by Brent Krahn with a rebound.
2:36 of 1st period - Slapshot by Craig Smith.
2:36 of 1st period - Stopped by Brent Krahn with a rebound.
3:24 of 1st period - Slapshot by Jordan LaVallee.
3:24 of 1st period - Stopped by Peter Budaj without a rebound.
3:25 of 1st period - Darren Helm wins face-off versus Alex Killorn in Harfangs zone.
3:40 of 1st period - Wrist shot by Peter Olvecky.
3:40 of 1st period - Shot Blocked by Andrew Campbell.
3:40 of 1st period - Andrew Campbell from Demolitions is injured at 3:40 of 1st period (Right Hand).
3:41 of 1st period - Samuel Pahlsson wins face-off versus Petri Kontiola in Demolitions zone.
3:56 of 1st period - Slapshot by Petri Kontiola.
3:56 of 1st period - Shot Blocked by Samuel Pahlsson.
4:08 of 1st period - Alexandre Picard is hit by Seth Helgeson and loses puck.
4:27 of 1st period - Anssi Salmela is hit by Brian Lashoff and loses puck.
4:34 of 1st period - Wrist shot by Spencer Machacek.
4:34 of 1st period - Shot Misses the Net.
7:02 of 1st period - Wrist shot by T.J. Hensick.
7:02 of 1st period - Stopped by Peter Budaj with a rebound.
7:24 of 1st period - Wrist shot by Craig Smith.
7:24 of 1st period - Stopped by Brent Krahn with a rebound.
8:15 of 1st period - Minor Penalty to Konstantin Pushkarev for Tripping.
8:16 of 1st period - Petri Kontiola wins face-off versus Daniel Paille in Demolitions zone.
9:31 of 1st period - Snap shot by T.J. Hensick.
9:31 of 1st period - Deflect By Brad Richardson.
9:31 of 1st period - Shot Misses the Net.
9:31 of 1st period - Puck is out of play.
9:32 of 1st period - Petri Kontiola wins face-off versus T.J. Hensick in Harfangs zone.
10:15 of 1st period - Penalty to Konstantin Pushkarev is over, Konstantin Pushkarev is back on ice.
10:27 of 1st period - Slapshot by Craig Smith.
10:27 of 1st period - Stopped by Brent Krahn with a rebound.
10:34 of 1st period - Icing by Brian Lashoff.
10:35 of 1st period - Brad Richardson wins face-off versus Craig Smith in Harfangs zone.
10:36 of 1st period - Snap shot by Bobby Butler.
10:36 of 1st period - Shot Misses the Net.
10:38 of 1st period - Slapshot by Anton Babchuk.
10:38 of 1st period - Shot Hit the Post.
11:00 of 1st period - Brian Lashoff is hit by Konstantin Pushkarev and loses puck.
11:19 of 1st period - Icing by Peter Harrold.
11:20 of 1st period - Petri Kontiola wins face-off versus Jordan LaVallee in Demolitions zone.
11:48 of 1st period - Snap shot by T.J. Hensick.
11:48 of 1st period - Stopped by Peter Budaj with a rebound.
11:50 of 1st period - Snap shot by T.J. Hensick.
11:50 of 1st period - Stopped by Peter Budaj with a rebound.
11:52 of 1st period - Slapshot by T.J. Hensick.
11:52 of 1st period - Shot Misses the Net.
11:54 of 1st period - Slapshot by Peter Harrold.
11:54 of 1st period - Deflect By Peter Olvecky.
11:54 of 1st period - Stopped by Peter Budaj with a rebound.
11:56 of 1st period - Slapshot by Anthony Stewart.
11:56 of 1st period - Stopped by Peter Budaj without a rebound.
11:57 of 1st period - T.J. Hensick wins face-off versus Petri Kontiola in Harfangs zone.
11:58 of 1st period - Wrist shot by Anthony Stewart.
11:58 of 1st period - Stopped by Peter Budaj without a rebound.
11:59 of 1st period - T.J. Hensick wins face-off versus Petri Kontiola in Harfangs zone.
12:02 of 1st period - Slapshot by Anthony Stewart.
12:02 of 1st period - Stopped by Peter Budaj without a rebound.
12:03 of 1st period - Petri Kontiola wins face-off versus T.J. Hensick in Harfangs zone.
12:05 of 1st period - Minor Penalty to Petri Kontiola for Roughing.
12:06 of 1st period - Craig Smith wins face-off versus Anthony Stewart in Harfangs zone.
12:14 of 1st period - Dustin Jeffrey is hit by Anthony Stewart and loses puck.
14:05 of 1st period - Penalty to Petri Kontiola is over, Petri Kontiola is back on ice.
14:14 of 1st period - Backhand shot by Alex Killorn.
14:14 of 1st period - Shot Blocked by Konstantin Pushkarev.
15:24 of 1st period - Off-side.
15:25 of 1st period - Kyle Palmieri wins face-off versus Darren Helm in neutral zone.
16:11 of 1st period - Major Penalty to Konstantin Pushkarev for Kneeing.
16:12 of 1st period - Daniel Paille wins face-off versus Petri Kontiola in Demolitions zone.
16:27 of 1st period - Snap shot by Stefan Ruzicka.
16:27 of 1st period - Shot Misses the Net.
17:02 of 1st period - Kyle Cumiskey is hit by Victor Bartley.
17:43 of 1st period - Victor Bartley is hit by Petr Vrana and loses puck.
18:36 of 1st period - Daniel Paille is hit by Craig Smith and loses puck.
19:30 of 1st period - Icing by James Wisniewski.
19:31 of 1st period - Alex Killorn wins face-off versus Corban Knight in Harfangs zone.
Goals for this period are 0 for Demolitions vs 1 for Harfangs.
Shots for this period are 9 for Demolitions vs 10 for Harfangs.
2nd period
0:01 of 2nd period - Daniel Paille wins face-off versus Petri Kontiola in neutral zone.
0:08 of 2nd period - Backhand shot by Anthony Stewart.
0:08 of 2nd period - Shot Misses the Net.
0:18 of 2nd period - Daniel Paille is hit by Chris Kreider.
0:40 of 2nd period - Wrist shot by Brad Richardson.
0:40 of 2nd period - Deflect By T.J. Hensick.
0:40 of 2nd period - Stopped by Peter Budaj with a rebound.
0:52 of 2nd period - Wrist shot by Stefan Ruzicka.
0:52 of 2nd period - Goal by Stefan Ruzicka - Demolitions : 0 - Harfangs : 2.
0:53 of 2nd period - Anthony Stewart wins face-off versus Kyle Palmieri in neutral zone.
1:00 of 2nd period - Snap shot by Anthony Stewart.
1:00 of 2nd period - Stopped by Peter Budaj with a rebound.
1:02 of 2nd period - Slapshot by Anton Babchuk.
1:02 of 2nd period - Stopped by Peter Budaj with a rebound.
1:04 of 2nd period - Snap shot by Anthony Stewart.
1:04 of 2nd period - Goal by Anthony Stewart - Demolitions : 1 - Harfangs : 2.
1:05 of 2nd period - Petri Kontiola wins face-off versus Daniel Paille in neutral zone.
1:08 of 2nd period - Slapshot by James Wisniewski.
1:08 of 2nd period - Stopped by Brent Krahn without a rebound.
1:09 of 2nd period - Petri Kontiola wins face-off versus Daniel Paille in Demolitions zone.
1:11 of 2nd period - Penalty to Konstantin Pushkarev is over, Konstantin Pushkarev is back on ice.
1:16 of 2nd period - Wrist shot by Chris Kreider.
1:16 of 2nd period - Shot Misses the Net.
1:26 of 2nd period - Backhand shot by Anton Babchuk.
1:26 of 2nd period - Goal by Anton Babchuk - Demolitions : 2 - Harfangs : 2.
1:27 of 2nd period - Petri Kontiola wins face-off versus T.J. Hensick in neutral zone.
1:30 of 2nd period - Slapshot by James Wisniewski.
1:30 of 2nd period - Stopped by Brent Krahn with a rebound.
1:40 of 2nd period - Snap shot by T.J. Hensick.
1:40 of 2nd period - Shot Blocked by James Wisniewski.
1:42 of 2nd period - Snap shot by Daniel Paille.
1:42 of 2nd period - Stopped by Peter Budaj with a rebound.
2:03 of 2nd period - Alex Killorn is hit by Samuel Pahlsson and loses puck.
2:13 of 2nd period - Off-side.
2:14 of 2nd period - Craig Smith wins face-off versus Jordan LaVallee in neutral zone.
2:25 of 2nd period - Snap shot by Craig Smith.
2:25 of 2nd period - Shot Misses the Net.
3:13 of 2nd period - Snap shot by Anthony Stewart.
3:13 of 2nd period - Stopped by Peter Budaj with a rebound.
3:28 of 2nd period - Anton Babchuk is hit by Drew Shore and loses puck.
3:43 of 2nd period - Craig Smith is hit by Nicolas Blanchard and loses puck.
4:30 of 2nd period - Snap shot by Stefan Ruzicka.
4:30 of 2nd period - Shot Misses the Net.
4:32 of 2nd period - Slapshot by Alexandre Picard.
4:32 of 2nd period - Deflect By Petri Kontiola.
4:32 of 2nd period - Shot Misses the Net.
4:32 of 2nd period - Puck is out of play.
4:33 of 2nd period - Petri Kontiola wins face-off versus Darren Helm in Demolitions zone.
4:58 of 2nd period - Alex Killorn is hit by T.J. Hensick and loses puck.
5:42 of 2nd period - Tomas Tatar is hit by Nicolas Blanchard and loses puck.
5:48 of 2nd period - Icing by Drew Shore.
5:49 of 2nd period - Drew Shore wins face-off versus T.J. Hensick in Harfangs zone.
5:51 of 2nd period - Icing by Tomas Tatar.
5:52 of 2nd period - T.J. Hensick wins face-off versus Drew Shore in Harfangs zone.
6:05 of 2nd period - Anthony Stewart is hit by Victor Bartley and loses puck.
6:14 of 2nd period - Slapshot by Tomas Tatar.
6:14 of 2nd period - Deflect By Roman Wick.
6:14 of 2nd period - Stopped by Brent Krahn without a rebound.
6:15 of 2nd period - Petri Kontiola wins face-off versus Samuel Pahlsson in Demolitions zone.
6:19 of 2nd period - Minor Penalty to Brad Richardson for Slashing.
6:20 of 2nd period - Daniel Paille wins face-off versus Petri Kontiola in Demolitions zone.
6:30 of 2nd period - Slapshot by James Wisniewski.
6:30 of 2nd period - Shot Misses the Net.
6:32 of 2nd period - Snap shot by Chris Kreider.
6:32 of 2nd period - Goal by Chris Kreider - Demolitions : 2 - Harfangs : 3.
6:33 of 2nd period - Stefan Ruzicka wins face-off versus T.J. Hensick in neutral zone.
6:55 of 2nd period - Icing by Petri Kontiola.
6:56 of 2nd period - Samuel Pahlsson wins face-off versus Petri Kontiola in Harfangs zone.
7:03 of 2nd period - Slapshot by Samuel Pahlsson.
7:03 of 2nd period - Shot Misses the Net.
7:05 of 2nd period - Snap shot by Brad Richardson.
7:05 of 2nd period - Shot Misses the Net.
7:07 of 2nd period - Snap shot by Samuel Pahlsson.
7:07 of 2nd period - Deflect By Stefan Ruzicka.
7:07 of 2nd period - Shot Misses the Net.
7:07 of 2nd period - Puck is out of play.
7:08 of 2nd period - T.J. Hensick wins face-off versus Alex Killorn in Harfangs zone.
7:13 of 2nd period - Wrist shot by Anthony Stewart.
7:13 of 2nd period - Shot Blocked by Peter Olvecky.
7:15 of 2nd period - Slapshot by Anton Babchuk.
7:15 of 2nd period - Shot Blocked by James Wisniewski.
7:17 of 2nd period - Snap shot by T.J. Hensick.
7:17 of 2nd period - Stopped by Peter Budaj without a rebound.
7:18 of 2nd period - T.J. Hensick wins face-off versus Petri Kontiola in Harfangs zone.
7:22 of 2nd period - Minor Penalty to Chris Kreider for Close Hand On Puck.
7:23 of 2nd period - Petri Kontiola wins face-off versus T.J. Hensick in Harfangs zone.
8:00 of 2nd period - Off-side.
8:01 of 2nd period - T.J. Hensick wins face-off versus Petri Kontiola in neutral zone.
8:29 of 2nd period - Snap shot by Brad Richardson.
8:29 of 2nd period - Shot Blocked by James Wisniewski.
8:45 of 2nd period - Minor Penalty to T.J. Hensick for Interference.
8:46 of 2nd period - Stefan Ruzicka wins face-off versus Daniel Paille in Demolitions zone.
8:47 of 2nd period - Snap shot by James Wisniewski.
8:47 of 2nd period - Shot Blocked by Kyle Cumiskey.
8:57 of 2nd period - Wrist shot by Anthony Stewart.
8:57 of 2nd period - Deflect By Daniel Paille.
8:57 of 2nd period - Stopped by Peter Budaj without a rebound.
8:58 of 2nd period - Stefan Ruzicka wins face-off versus Daniel Paille in Harfangs zone.
9:09 of 2nd period - Petri Kontiola is hit by Daniel Paille and loses puck.
9:22 of 2nd period - Penalty to Chris Kreider is over, Chris Kreider is back on ice.
9:35 of 2nd period - Snap shot by Brad Richardson.
9:35 of 2nd period - Stopped by Peter Budaj without a rebound.
9:36 of 2nd period - Daniel Paille wins face-off versus Alex Killorn in Harfangs zone.
9:47 of 2nd period - Wrist shot by Peter Olvecky.
9:47 of 2nd period - Stopped by Brent Krahn without a rebound.
9:48 of 2nd period - Anthony Stewart wins face-off versus Petri Kontiola in Demolitions zone.
9:48 of 2nd period - Anthony Stewart is hit by Stefan Ruzicka.
10:20 of 2nd period - Slapshot by James Wisniewski.
10:20 of 2nd period - Shot Misses the Net.
10:22 of 2nd period - Snap shot by James Wisniewski.
10:22 of 2nd period - Deflect By Alex Killorn.
10:22 of 2nd period - Shot Misses the Net.
10:22 of 2nd period - Puck is out of play.
10:23 of 2nd period - Daniel Paille wins face-off versus Alex Killorn in Demolitions zone.
10:45 of 2nd period - Penalty to T.J. Hensick is over, T.J. Hensick is back on ice.
10:53 of 2nd period - Snap shot by Michal Repik.
10:53 of 2nd period - Goal by Michal Repik - Demolitions : 2 - Harfangs : 4.
10:53 of 2nd period - Chad Johnson enters game.
10:54 of 2nd period - Stefan Ruzicka wins face-off versus Samuel Pahlsson in neutral zone.
11:04 of 2nd period - Icing by Brad Richardson.
11:05 of 2nd period - Samuel Pahlsson wins face-off versus Petri Kontiola in Demolitions zone.
11:18 of 2nd period - Snap shot by Brad Richardson.
11:18 of 2nd period - Shot Misses the Net.
11:52 of 2nd period - Snap shot by Anton Babchuk.
11:52 of 2nd period - Stopped by Peter Budaj with a rebound.
11:54 of 2nd period - Snap shot by Kyle Cumiskey.
11:54 of 2nd period - Stopped by Peter Budaj without a rebound.
11:55 of 2nd period - Petri Kontiola wins face-off versus Darren Helm in Harfangs zone.
12:00 of 2nd period - Doug Janik is hit by Victor Bartley.
12:10 of 2nd period - Snap shot by Doug Janik.
12:10 of 2nd period - Shot Misses the Net.
12:32 of 2nd period - Slapshot by Daniel Paille.
12:32 of 2nd period - Stopped by Peter Budaj without a rebound.
12:33 of 2nd period - Craig Smith wins face-off versus T.J. Hensick in Harfangs zone.
12:33 of 2nd period - Craig Smith is hit by T.J. Hensick.
12:55 of 2nd period - Minor Penalty to Dustin Jeffrey for High sticking.
12:56 of 2nd period - T.J. Hensick wins face-off versus Petri Kontiola in Harfangs zone.
13:09 of 2nd period - Snap shot by Anthony Stewart.
13:09 of 2nd period - Goal by Anthony Stewart - Demolitions : 3 - Harfangs : 4.
13:10 of 2nd period - Petri Kontiola wins face-off versus Anthony Stewart in neutral zone.
13:15 of 2nd period - Wrist shot by Anthony Stewart.
13:15 of 2nd period - Stopped by Peter Budaj with a rebound.
13:17 of 2nd period - Snap shot by Anton Babchuk.
13:17 of 2nd period - Deflect By Stefan Ruzicka.
13:17 of 2nd period - Stopped by Peter Budaj without a rebound.
13:18 of 2nd period - T.J. Hensick wins face-off versus Petri Kontiola in Harfangs zone.
14:03 of 2nd period - Brian Lashoff is hit by Kyle Cumiskey and loses puck.
14:22 of 2nd period - Kyle Cumiskey is hit by Petri Kontiola and loses puck.
14:37 of 2nd period - Wrist shot by Konstantin Pushkarev.
14:37 of 2nd period - Shot Misses the Net.
14:43 of 2nd period - Wrist shot by Konstantin Pushkarev.
14:43 of 2nd period - Shot Blocked by Drew Shore.
15:16 of 2nd period - Anton Babchuk is hit by Peter Olvecky and loses puck.
15:37 of 2nd period - Snap shot by Dustin Jeffrey.
15:37 of 2nd period - Shot Misses the Net.
15:56 of 2nd period - Off-side.
15:57 of 2nd period - Alex Killorn wins face-off versus Daniel Paille in neutral zone.
16:37 of 2nd period - Andrew Orpik is hit by Samuel Pahlsson and loses puck.
16:50 of 2nd period - Petr Vrana is hit by Victor Bartley and loses puck.
17:11 of 2nd period - Darren Helm is hit by Brian Lashoff and loses puck.
17:32 of 2nd period - Slapshot by T.J. Hensick.
17:32 of 2nd period - Stopped by Peter Budaj without a rebound.
17:33 of 2nd period - Petri Kontiola wins face-off versus T.J. Hensick in Harfangs zone.
17:56 of 2nd period - Snap shot by T.J. Hensick.
17:56 of 2nd period - Stopped by Peter Budaj with a rebound.
18:29 of 2nd period - Slapshot by Stefan Ruzicka.
18:29 of 2nd period - Shot Misses the Net.
18:37 of 2nd period - Snap shot by Daniel Paille.
18:37 of 2nd period - Stopped by Peter Budaj with a rebound.
18:39 of 2nd period - Slapshot by T.J. Hensick.
18:39 of 2nd period - Shot Misses the Net.
18:41 of 2nd period - Slapshot by Anthony Stewart.
18:41 of 2nd period - Stopped by Peter Budaj with a rebound.
18:57 of 2nd period - Slapshot by T.J. Hensick.
18:57 of 2nd period - Stopped by Peter Budaj with a rebound.
18:59 of 2nd period - Snap shot by Daniel Paille.
18:59 of 2nd period - Stopped by Peter Budaj with a rebound.
19:45 of 2nd period - Wrist shot by Daniel Paille.
19:45 of 2nd period - Shot Blocked by Chris Kreider.
19:47 of 2nd period - Slapshot by Anthony Stewart.
19:47 of 2nd period - Stopped by Peter Budaj without a rebound.
19:48 of 2nd period - Samuel Pahlsson wins face-off versus Alex Killorn in Harfangs zone.
19:54 of 2nd period - Off-side.
19:55 of 2nd period - Alex Killorn wins face-off versus Samuel Pahlsson in neutral zone.
Goals for this period are 3 for Demolitions vs 3 for Harfangs.
Shots for this period are 23 for Demolitions vs 7 for Harfangs.
3rd period
0:01 of 3rd period - Petri Kontiola wins face-off versus Samuel Pahlsson in neutral zone.
0:04 of 3rd period - Snap shot by Stefan Ruzicka.
0:04 of 3rd period - Shot Blocked by Kyle Cumiskey.
1:34 of 3rd period - Slapshot by Anthony Stewart.
1:34 of 3rd period - Shot Misses the Net.
1:48 of 3rd period - Brett Carson is hit by Samuel Pahlsson and loses puck.
2:15 of 3rd period - Darren Helm is hit by Tomas Tatar.
2:37 of 3rd period - Snap shot by Petri Kontiola.
2:37 of 3rd period - Shot Misses the Net.
2:39 of 3rd period - Snap shot by Stefan Ruzicka.
2:39 of 3rd period - Goal by Stefan Ruzicka - Demolitions : 3 - Harfangs : 5.
2:40 of 3rd period - Petri Kontiola wins face-off versus Brad Richardson in neutral zone.
2:43 of 3rd period - Samuel Pahlsson is hit by Stefan Ruzicka and loses puck.
3:13 of 3rd period - Wrist shot by Alex Killorn.
3:13 of 3rd period - Shot Blocked by Daniel Paille.
3:15 of 3rd period - Slapshot by Victor Bartley.
3:15 of 3rd period - Stopped by Chad Johnson with a rebound.
3:50 of 3rd period - Wrist shot by Stefan Ruzicka.
3:50 of 3rd period - Deflect By Chris Kreider.
3:50 of 3rd period - Stopped by Chad Johnson without a rebound.
3:51 of 3rd period - Petri Kontiola wins face-off versus Samuel Pahlsson in Demolitions zone.
4:17 of 3rd period - Stefan Ruzicka is hit by Nicolas Blanchard and loses puck.
5:16 of 3rd period - Snap shot by Craig Smith.
5:16 of 3rd period - Goal by Craig Smith - Demolitions : 3 - Harfangs : 6.
5:17 of 3rd period - T.J. Hensick wins face-off versus Alex Killorn in neutral zone.
5:32 of 3rd period - Snap shot by Victor Bartley.
5:32 of 3rd period - Deflect By Daniel Paille.
5:32 of 3rd period - Stopped by Chad Johnson with a rebound.
5:42 of 3rd period - T.J. Hensick is hit by Andrew Orpik and loses puck.
5:53 of 3rd period - Wrist shot by Craig Smith.
5:53 of 3rd period - Stopped by Chad Johnson without a rebound.
5:54 of 3rd period - Petri Kontiola wins face-off versus Samuel Pahlsson in Demolitions zone.
5:57 of 3rd period - Snap shot by Chris Kreider.
5:57 of 3rd period - Stopped by Chad Johnson with a rebound.
5:59 of 3rd period - Wrist shot by Chris Kreider.
5:59 of 3rd period - Stopped by Chad Johnson with a rebound.
6:01 of 3rd period - Snap shot by Stefan Ruzicka.
6:01 of 3rd period - Goal by Stefan Ruzicka - Demolitions : 3 - Harfangs : 7.
6:02 of 3rd period - Samuel Pahlsson wins face-off versus Petri Kontiola in neutral zone.
6:05 of 3rd period - Alexandre Picard is hit by Samuel Pahlsson and loses puck.
6:18 of 3rd period - Wrist shot by Samuel Pahlsson.
6:18 of 3rd period - Stopped by Peter Budaj with a rebound.
6:38 of 3rd period - Slapshot by Alexandre Picard.
6:38 of 3rd period - Stopped by Chad Johnson without a rebound.
6:39 of 3rd period - Samuel Pahlsson wins face-off versus Alex Killorn in Demolitions zone.
6:44 of 3rd period - Slapshot by Doug Janik.
6:44 of 3rd period - Shot Misses the Net.
7:56 of 3rd period - Snap shot by Alexandre Picard.
7:56 of 3rd period - Shot Misses the Net.
9:44 of 3rd period - Icing by Brad Richardson.
9:45 of 3rd period - Petri Kontiola wins face-off versus Samuel Pahlsson in Demolitions zone.
9:54 of 3rd period - Snap shot by Samuel Pahlsson.
9:54 of 3rd period - Shot Misses the Net.
10:38 of 3rd period - Slapshot by Andrew Orpik.
10:38 of 3rd period - Stopped by Chad Johnson without a rebound.
10:39 of 3rd period - Petri Kontiola wins face-off versus Anthony Stewart in Demolitions zone.
10:57 of 3rd period - Double Minor Penalty to Brian Lashoff for Roughing.
10:58 of 3rd period - Petri Kontiola wins face-off versus Anthony Stewart in Harfangs zone.
12:49 of 3rd period - Peter Harrold is hit by Peter Olvecky and loses puck.
13:22 of 3rd period - Chris Kreider is hit by Peter Harrold and loses puck.
13:45 of 3rd period - Peter Harrold is hit by James Wisniewski and loses puck.
14:57 of 3rd period - Penalty to Brian Lashoff is over, Brian Lashoff is back on ice.
15:35 of 3rd period - James Wisniewski is hit by Robert Bortuzzo and loses puck.
16:00 of 3rd period - Dustin Jeffrey is hit by Bobby Butler and loses puck.
16:44 of 3rd period - Brian Lashoff is hit by Spencer Machacek and loses puck.
17:32 of 3rd period - Backhand shot by Roman Wick.
17:32 of 3rd period - Stopped by Chad Johnson without a rebound.
17:33 of 3rd period - Nicolas Blanchard wins face-off versus Drew Shore in Demolitions zone.
17:57 of 3rd period - T.J. Hensick is hit by Alex Killorn and loses puck.
18:10 of 3rd period - Anthony Stewart is hit by Alexandre Picard and loses puck.
19:34 of 3rd period - Jordan LaVallee is hit by Craig Smith and loses puck.
19:43 of 3rd period - Snap shot by Dustin Jeffrey.
19:43 of 3rd period - Stopped by Chad Johnson without a rebound.
19:44 of 3rd period - T.J. Hensick wins face-off versus Petri Kontiola in Demolitions zone.
19:53 of 3rd period - Wrist shot by Petri Kontiola.
19:53 of 3rd period - Shot Misses the Net.
19:55 of 3rd period - Slapshot by Alexandre Picard.
19:55 of 3rd period - Stopped by Chad Johnson with a rebound.
19:57 of 3rd period - Slapshot by Alexandre Picard.
19:57 of 3rd period - Shot Blocked by Anton Babchuk.
19:59 of 3rd period - Slapshot by James Wisniewski.
19:59 of 3rd period - Shot Blocked by Anthony Stewart.
Goals for this period are 0 for Demolitions vs 3 for Harfangs.
Shots for this period are 1 for Demolitions vs 14 for Harfangs.
Output by the SimonT Hockey Simulator (STHS) for François Prévost -- Original Page W3C XHTML 1.0 Valid